Map: Submarine LE

Players

Yoger - Winner!

  • Race: Zerg Zerg
  • Spawn Location: 11:00

Naxin

  • Race: Terran Terran
  • Spawn Location: 5:00

Event: DreamHack SC2 Masters 2020 Fall

VOD

Have the link to the VOD?

Description

Time

  • Played on: Aug. 27, 2020, 8:08 a.m.
  • Length: 4:35

All games in this series

Show
View Real Time Build Order
Export as new Build Order

Yoger Zerg - Winner!

Build Orders: Pool First, Ravager All-In 

Get SALT Encoding   

  12  0:00  Drone  
  13  0:12  Overlord  
  13  0:18  Drone  
  14  0:31  Drone x2  
  16  0:37  Drone  
  17  0:43  Extractor  
  17  0:46  Spawning Pool  
  15  0:51  Drone  
  16  0:57  Drone  
  17  1:07  Drone  
  18  1:21  Hatchery  
  17  1:33  Zergling x4  
  17  1:39  Queen  
  19  1:46  Drone  
  22  1:54  Roach Warren  
  21  2:01  Overlord  
  21  2:11  Drone  
  21  2:12  Extractor  
  21  2:34  Roach x4  
  29  2:44  Roach  
  31  2:48  Roach  
  31  2:50  Roach  
  35  2:58  Overlord  
  35  3:08  Ravager  
  36  3:14  Overlord  
  36  3:18  Ravager  
  37  3:21  Ravager  
  37  3:22  Drone x2  
  40  3:27  Drone  
  40  3:31  Ravager  
  40  3:33  Drone  
  43  3:58  Drone x7  
  46  4:02  Ravager  
  39  4:15  Drone x2  
Show
View Real Time Build Order
Export as new Build Order

Naxin Terran 

Build Orders: Hellion Opening 

Get SALT Encoding   

  12  0:00  SCV  
  13  0:12  SCV  
  14  0:16  Supply Depot  
  14  0:24  SCV  
  15  0:38  SCV  
  15  0:40  Barracks  
  16  0:43  Refinery  
  16  0:50  SCV  
  17  1:02  SCV  
  18  1:14  SCV  
  19  1:26  Marine  
  19  1:27  Orbital Command  
  20  1:38  Command Center  
  20  1:44  Marine  
  21  1:54  Factory  
  21  1:56  SCV  
  22  2:04  Barracks Reactor  
  22  2:06  Supply Depot  
  22  2:08  SCV  
  22  2:15  Refinery  
  23  2:28  SCV  
  24  2:40  Starport  
  24  2:43  SCV  
  25  2:47  Hellion x2, Marine  
  30  2:51  Orbital Command  
  30  3:06  Marine  
  30  3:07  Orbital Command  
  30  3:08  Hellion  
  30  3:09  Hellion  
  35  3:17  Armory  
  35  3:21  Medivac  
  35  3:24  Marine  
  38  3:31  Hellion  
  42  3:35  Hellion  
  42  3:42  Bunker, Marine  
  42  3:44  Orbital Command  
  43  3:49  SCV  
  43  3:54  Starport Tech Lab  
  40  4:00  Marine  
  33  4:02  Widow Mine  
  33  4:06  SCV  
  24  4:16  SCV  
  21  4:18  SCV  

Tags
 
Add a new tag
Caveats
  • Supply blocks, unpowered buildings, or Contaminate may cause inaccurate times.
  • Supply counts are checked every 10 seconds.